 Dungeon Crawl Stone Soup version 0.31-a0-473-g61b50ae490 (webtiles) character file.

Game seed: 6276500025036317887

407 CraigForest the Ruffian (level 6, 0/49 HPs)
             Began as a Troll Shapeshifter on Aug 6, 2023.
             Was a Believer of Hepliaklqana.
             Slain by an ogre
             ... wielding a +0 giant club
              (33 damage)
             ... on level 5 of the Dungeon.
             The game lasted 00:11:04 (2863 turns).

CraigForest the Ruffian (Troll Shapeshifter)        Turns: 2863, Time: 00:11:05

Health: 0/49       AC:  4    Str: 26    XL:     6   Next: 57%
Magic:  5/5        EV: 10    Int: 10    God:    Hepliaklqana [**....]
Gold:   144        SH:  0    Dex: 10    Spells: 5/5 levels left

rFire   . .          .
                       - Unarmed
rCold   . . .        (no shield)
rNeg    . . .        q - +0 robe
rPois   .            (helmet currently unavailable)
rElec   .            (cloak currently unavailable)
rCorr   .            (gloves unavailable)
SInv    .            (boots unavailable)
Will    .....        (no amulet)
Stlth   +            u - +6 ring of intelligence
HPRegen 1.08/turn    (no ring)
MPRegen 0.09/turn

%: no passive effects
@: beast-form
A: beast (slay +2), reduced essence, large, unfitting armour, claws 3,
regeneration 1, shaggy fur 1, tough skin 1
a: Begin Untransformation, Renounce Religion, Recall Ancestor, Ancestor Identity


You were on level 5 of the Dungeon.
You worshipped Hepliaklqana.
Hepliaklqana was pleased with you.
You were a hulking beast.
You visited 1 branch of the dungeon, and saw 5 of its levels.

You collected 144 gold pieces.

Inventory:

Hand Weapons
 s - the +10 rapier of Wapraudy {drain, *Slow +Blink Str+8}
   (You found it on level 3 of the Dungeon)

   Str:       It affects your strength (+8).
   +Blink:    It lets you blink.
   *Slow:     It may slow you when you take damage.
Missiles
 h - 6 javelins (quivered)
 o - 2 boomerangs
 v - 6 poisoned darts
Armour
 a - a +0 animal skin
 i - a +0 cloak
 q - a +0 robe (worn)
Jewellery
 u - a +6 ring of intelligence (left claw)
Talismans
 c - a beast talisman (active)
 z - a maw talisman
Wands
 w - a wand of charming (8)
Scrolls
 e - a scroll of blinking {unknown}
 f - a scroll of silence {unknown}
 g - 2 scrolls of vulnerability {unknown}
 j - 10 scrolls of identify
 k - a scroll of fog {unknown}
 l - 2 scrolls of brand weapon {unknown}
 x - a scroll of teleportation {unknown}
 y - a scroll of amnesia {unknown}
Potions
 b - 2 potions of lignification
 d - 2 potions of haste
 m - a potion of degeneration {unknown}
 n - a potion of heal wounds {unknown}
 p - 4 potions of curing {unknown}
 r - a potion of magic {unknown}
 t - a potion of enlightenment {unknown}
 A - a potion of berserk rage {unknown}
 B - a potion of attraction {unknown}


   Skills:
 - Level 1.0 Fighting
 + Level 2.0 Dodging
 * Level 6.3 Unarmed Combat
 + Level 4.2 Shapeshifting


You had 5 spell levels left.
You didn't know any spells.
Your spell library contained the following spells:

 Spells                   Type           Power      Damage    Failure   Level
 Sandblast                Erth           0%         2d4       36%         1
 Sting                    Tmut/Pois      0%         1d3       36%         1
 Summon Small Mammal      Summ           0%         N/A       36%         1
 Ensorcelled Hibernation  Hex/Ice        0%         N/A       50%         2
 Passwall                 Tmut/Erth      0%         N/A       50%         2
 Poisonous Vapours        Pois/Air       0%         N/A       50%         2
 Call Canine Familiar     Summ           0%         N/A       75%         3
 Stone Arrow              Conj/Erth      0%         3d7       75%         3
 Summon Guardian Golem    Hex/Summ       0%         N/A       75%         3
 Swiftness                Air            0%         N/A       75%         3
 Olgreb's Toxic Radiance  Pois           0%         N/A       98%         4


Dungeon Overview and Level Annotations

Branches:
Dungeon (5/15)
 Temple: D:4-7

Altars:
Ashenzari
Fedhas
Hepliaklqana
Trog

Shops:
D:1 (*!


Innate Abilities, Weirdness & Mutations

You are a hulking beast.
Your limbs bulge with bestial killing power. (Slay +2)
Your life essence is reduced to manifest your ancestor. (-10% HP)
You are too large for most types of armour.
You have claws for hands.
Your natural rate of healing is unusually fast.
You are covered in fur. (AC +1)
You have tough skin. (AC +1)


Message History

You swap places.
The orc throws a stone.
The stone hits you but does no damage.
You scratch the orc wizard.
The orc wizard is moderately wounded.
The orc wizard barely misses you.
An ogre comes into view. It is wielding a +0 giant club.
Linsey gestures at the orc wizard while chanting.
The orc wizard resists with some effort.
You closely miss the orc wizard.
The orc wizard is moderately wounded.
The ogre shouts!
The orc wizard hits you with a +0 dagger.
You closely miss the orc wizard.
The orc wizard is moderately wounded.
The orc wizard closely misses you.
You barely miss the orc wizard.
The orc wizard is moderately wounded.
The orc wizard hits you but does no damage.
You scratch the orc wizard. You claw the orc wizard!
You kill the orc wizard!
An orc comes into view. It is wielding a +0 short sword.
The orc throws a stone.
The stone hits you but does no damage.
Your Dodging skill increases to level 2!
A scorpion comes into view.
Linsey gestures at the orc while chanting.
The orc resists with significant effort.
The orc hits you with a +0 hand axe.
Things that are here:
a +0 dagger; a +0 leather armour You claw the orc!
You kill the orc!
You scratch the ogre.
The ogre is moderately wounded.
You closely miss the ogre.
The ogre is moderately wounded.
The ogre hits you with a +0 giant club!
You claw the ogre!
The ogre is severely wounded.
The ogre hits you with a +0 giant club!!
Ouch! That really hurt!
You die...

...#.....(.# ...#
...#.......# #####.).####
...##.#.#..###.......:...
...##.#(.................
...##.##...###...........
...##.#....# ###.#)..#.##
...##...†..# #.#...#
#######...## #R#...#
##.## #h#...# #.# #O##.##
#.. .o. .. #.. #.s...#
#.. ...... ........
#.......# ......#.#


You could see the friendly Linsey the hexer, an ogre (ally target), a scorpion
and an orc.

Vanquished Creatures
  A black bear (D:4)
  An orc priest (D:3)
  2 hounds
  A jelly (D:4)
  An orc wizard (D:5)
  An iguana (D:4)
  4 adders
  3 gnolls (D:3)
  A worm (D:2)
  4 dart slugs
  10 orcs
  3 endoplasms
  3 giant cockroaches
  5 goblins
  5 hobgoblins
  A jackal (D:1)
  4 ball pythons (D:1)
  3 frilled lizards
  4 kobolds
  6 rats
63 creatures vanquished.

Vanquished Creatures (collateral kills)
  An adder (D:4)
  An orc (D:3)
  A quokka (D:3)
3 creatures vanquished.

Grand Total: 66 creatures vanquished

Notes
Turn   | Place    | Note
-------+----------+-------------------------------------------
     0 | D:1      | CraigForest the Troll Shapeshifter began the quest for the
                  | Orb.
     0 | D:1      | Reached XP level 1. HP: 18/18 MP: 0/0
    96 | D:1      | Found Nidwoff's Distillery.
   266 | D:1      | Reached XP level 2. HP: 23/26 MP: 1/1
   370 | D:1      | Found Olira's Assorted Antiques.
   553 | D:1      | Found Zefaduic's Weapon Emporium.
   878 | D:1      | Found a faded altar of an unknown god.
   919 | D:2      | Found a hazy altar of Hepliaklqana.
   926 | D:2      | Became a worshipper of Hepliaklqana the Forgotten
  1077 | D:2      | Reached XP level 3. HP: 32/32 MP: 2/2
  1312 | D:3      | Reached skill level 4 in Unarmed Combat
  1324 | D:3      | Found Muibypat's Weapon Shop.
  1460 | D:3      | Reached XP level 4. HP: 22/40 MP: 3/3
  1486 | D:3      | Identified the +10 rapier of Wapraudy {drain, *Slow +Blink
                  | Str+8}
  1607 | D:3      | Reached * piety under Hepliaklqana
  1630 | D:3      | Found a bloodstained altar of Trog.
  2062 | D:3      | Reached XP level 5. HP: 15/41 MP: 4/4
  2236 | D:4      | Found a hazy altar of Hepliaklqana.
  2236 | D:4      | Found a blossoming altar of Fedhas.
  2259 | D:4      | Noticed a black bear
  2263 | D:4      | Killed a black bear
  2264 | D:4      | Reached skill level 1 in Fighting
  2264 | D:4      | Reached skill level 5 in Unarmed Combat
  2392 | D:4      | Reached XP level 6. HP: 49/49 MP: 5/5
  2393 | D:4      | Reached ** piety under Hepliaklqana
  2394 | D:4      | Remembered your ancestor Linsey as a hexer
  2428 | D:4      | Found a broken altar of Ashenzari.
  2741 | D:4      | Reached skill level 6 in Unarmed Combat
  2783 | D:5      | Entered Level 5 of the Dungeon
  2863 | D:5      | Slain by an ogre

Illustrated notes

Levels and vault maps discovered:
D:1:      onia_arrival_handbag, layout_loops_corners,
          dreamdust_ecumenical_altar_angels_and_demons, serial_shops,
          nicolae_shop_real_fake_doors, shop, shop, grunt_decor_junction,
          chequers_serial_rivers_micro_c, minmay_domino_4
D:2:      layout_loops_cross, basic_altar
D:3:      layout_basic, bloody_trog, serial_shops, nicolae_shop_peninsula,
          roderic_serpentine_path
D:4:      layout_gridville, grunt_temple_overflow_open, lemuel_doored_altar,
          nicolae_the_louvre
D:5:      layout_loops_cross, makhleb_heckhound_becter,
          minmay_temple_entry_purple_smoke

Skill      XL: |  1  2  3  4  5  6 |
---------------+-------------------+-----
Unarmed Combat | 4 5 6 |  6.3
Fighting       | 1 |  1.0
Shapeshifting  | 4 |  4.2
Dodging        | 2 |  2.0

Action                     |  1- 3 |  4- 6 || total
---------------------------+-------+-------++-------
  Melee: Unarmed           |    86 |    54 ||   140
         Punch             |     2 |     3 ||     5
  Throw: Javelin           |       |     1 ||     1
 Invoke: Ancestor Identity |       |     1 ||     1
         Ancestor Life: He |       |     1 ||     1
    Use: Scroll            |     1 |       ||     1
 Armour: Animal skin       |    24 |       ||    24
         Robe              |       |    13 ||    13
  Dodge: Dodged            |    35 |    19 ||    54

Table legend: (Time is in decaauts)
 A = Elapsed time spent in this place.
 B = Non-inter-level travel time spent in this place.
 C = Inter-level travel time spent in this place.
 D = Time resting spent in this place.
 E = Time spent auto-exploring this place.
 F = Levels seen in this place.
 G = Mean time per level.
                   A        B        C        D        E       F      G
               +--------+--------+--------+--------+--------+-----+--------+
         Total |   2851 |   2747 |    104 |      0 |   2081 |   5 |  570.2 |
       Dungeon |   2851 |   2747 |    104 |      0 |   2081 |   5 |  570.2 |
               +--------+--------+--------+--------+--------+-----+--------+

Top non-repeatable levels by time:
     D:3: 929 daAuts
     D:1: 902 daAuts
     D:4: 545 daAuts
     D:2: 395 daAuts
     D:5: 78 daAuts
